 Dungeon Crawl Stone Soup version 0.24.1-4-ge52af88ad5 (webtiles) character file.

Game seed: 16575254285855103514, levelgen mode: deterministic

2532 Caim the Covert (level 9, -1/61 HPs)
             Began as an Octopode Venom Mage on Apr 16, 2020.
             Was an Initiate of Ashenzari.
             Slain by an orc
             ... wielding a +0 short sword
              (5 damage)
             ... on level 7 of the Dungeon on Apr 18, 2020.
             The game lasted 01:22:01 (9294 turns).

Caim the Covert (Octopode Venom Mage)               Turns: 9294, Time: 01:22:02

Health: -1/61      AC:  1    Str:  7      XL:     9   Next: 55%
Magic:  4/15       EV: 16    Int: 19      God:    Ashenzari [......]
Gold:   307        SH:  0    Dex: 17 (18) Spells: 6/16 levels left

rFire    . . .     SeeInvis .   a - +3 short sword (freeze)
rCold    . . .     Gourm    .   (no shield)
rNeg     . . .     Faith    .   (helmet restricted)
rPois    .         Spirit   .   e - amulet of the acrobat
rElec    .         Reflect  .   l - +4 ring of dexterity
rCorr    .         Harm     .   k - ring of protection from magic
MR       +....                  (no ring)
Stlth    +++++.....             (no ring)
HPRegen  0.20/turn              (no ring)
MPRegen  0.14/turn              (no ring)
                                (no ring)
                                (no ring)

@: no status effects
A: almost no armour, stealthy swim, amphibious, 8 rings, constrict 8, camouflage
1, gelatinous body 1
a: Curse Item, Renounce Religion


You were on level 7 of the Dungeon.
You worshipped Ashenzari.
Ashenzari was noncommittal.
You were not hungry.

You visited 2 branches of the dungeon, and saw 8 of its levels.

You collected 307 gold pieces.

Inventory:

Hand Weapons
 a - a +3 short sword of freezing (weapon)
 i - a +0 rapier
 n - a +2 quarterstaff of chaos
 C - a +3 spear of freezing
Missiles
 r - 2 throwing nets (quivered)
Armour
 v - a +0 shield
Jewellery
 e - an amulet of the acrobat (around mantle)
 k - a ring of protection from magic (right tentacle)
 l - a +4 ring of dexterity (left tentacle)
 z - a cursed ring of fire
Wands
 s - a wand of flame (10)
 w - a wand of paralysis (6)
Scrolls
 f - 2 scrolls of enchant weapon
 y - 2 scrolls of identify
 A - a scroll of blinking {unknown}
 B - a scroll of amnesia {unknown}
 D - a scroll of fog
Potions
 c - 5 potions of heal wounds
 d - 3 potions of might
 g - 2 potions of curing
 h - a potion of degeneration {unknown}
 j - a potion of ambrosia {unknown}
 m - a potion of cancellation {unknown}
 p - a potion of mutation {unknown}
 q - 2 potions of lignification
 t - a potion of brilliance {unknown}
 u - a potion of haste {unknown}
 x - 3 potions of flight
Comestibles
 b - 8 rations
 o - 2 chunks of flesh


   Skills:
 * Level 5.1 Fighting
 + Level 4.2 Short Blades
 * Level 4.9 Dodging
 + Level 8.3 Stealth
 * Level 1.1 Shields
 + Level 4.3 Spellcasting
 + Level 3.2 Conjurations
 * Level 7.3 Poison Magic
 + Level 0.2 Evocations


You had 6 spell levels left.
You knew the following spells:

 Your Spells              Type           Power        Failure   Level  Hunger
a - Sting                 Conj/Pois      ###.         1%          1    None
b - Poisonous Vapours     Pois/Air       ###...       4%          2    #......
c - Mephitic Cloud        Conj/Pois/Air  ###.....     10%         3    ###....
d - Olgreb's Toxic Radia  Pois           ####....     7%          4    ####...

Your spell library contained the following spells:

 Spells                   Type           Power        Failure   Level  Hunger
 Confusing Touch          Hex            #.....       14%         1    None
 Confuse                  Hex            #.......     38%         3    ###....
 Gell's Gravitas          Tloc           #.........   38%         3    ###....
 Venom Bolt               Conj/Pois      ###.......   38%         5    ######.
 Petrify                  Tmut/Erth      #.......     80%         4    ####...
 Metabolic Englaciation   Hex/Ice        #.........   98%         5    ######.
 Yara's Violent Unravell  Hex/Tmut       #.........   98%         5    ######.


Dungeon Overview and Level Annotations

Branches:
Dungeon (7/15)             Temple (1/1) D:4

Altars:
Ashenzari
Cheibriados
Dithmenos
Elyvilon
Fedhas
Gozag
Hepliaklqana
Kikubaaqudgha
Makhleb
Nemelex Xobeh
Okawaru
Qazlal
Sif Muna
Trog
Uskayaw
Vehumet
Wu Jian
Xom
Yredelemnul
Zin
The Shining One

Shops:
D:7 =

Portals:
Bailey: D:7

Annotations:
D:7 Duvessa, Joseph


Innate Abilities, Weirdness & Mutations

You cannot wear most types of armour.
You are very stealthy in the water. (Stealth+)
You are amphibious.
You can wear up to eight rings at the same time.
You can use your tentacles to constrict eight enemies at once.
Your skin changes colour to match your surroundings (Stealth+).
Your rubbery body absorbs attacks. (AC +1, EV +1)


Message History

The iguana bites the hound!
The iguana bites itself.
The bullfrog zombie misses you. Duvessa completely misses you.
An orc comes into view. It is wielding a +0 short sword.
The bullfrog zombie closely misses you.
The hound stops to sniff the ground.
Duvessa completely misses you.
The bullfrog zombie completely misses you.
Joseph, a Mercenary comes into view.
He is wielding a +2 quarterstaff of speed.
Joseph shouts!
Joseph unwields a +2 quarterstaff of speed.
Joseph wields a +0 hunting sling.
Joseph shoots a sling bullet.
The sling bullet hits you!
You see here a sling bullet.
Duvessa hits you with a +0 short sword! The ice beast completely misses you.
Duvessa hits you with a +0 short sword. The orc completely misses you.
You closely miss the orc. You grab the orc. You constrict the orc.
You feel a bit more experienced. Duvessa hits you with a +0 short sword!
* * * LOW HITPOINT WARNING * * *
The ice beast closely misses you. The orc hits you with a +0 short sword.
You die...

.....>.####.......#......
......# #.......#.....(
....... ##.......#......
.@.....#.#........#......
..................#......
.......#####....#########
........#Zh#....##....
.....(.(eYZ...........
.......#@###..l...#...
....####o# #......# . .##
#.# ##.)....... #..
....8......
..............(
.....8.....8..#
..............#
#...........?.##
##..8...∩...8.


You could see Joseph, Duvessa (berserk), an ice beast, a hound, an orc, an adder
zombie and a bullfrog zombie.

Vanquished Creatures
  Grinder (D:3)
  4 ogres
  A black bear (D:7)
  A phantom (D:4)
  A bullfrog (D:5)
  A gnoll sergeant (D:6)
  Dowan (D:7)
  A scorpion (D:4)
  A howler monkey (D:7)
  A crimson imp (D:5)
  3 hounds
  Crazy Yiuf (D:6)
  6 orc priests
  A quasit (D:7)
  3 gnoll shamans (D:6)
  2 bullfrog skeletons (D:4)
  A centaur skeleton (D:6)
  Natasha (twice) (D:4)
  3 iguanas
  An orc wizard (D:5)
  2 worker ants
  A howler monkey zombie (D:5)
  A howler monkey skeleton (D:7)
  57 gnolls
  10 adders
  3 shadow imps
  2 oozes
  An adder skeleton (D:4)
  3 worms
  2 dart slugs (D:2)
  5 leopard geckos
  28 orcs
  2 ball pythons
  7 bats
  5 giant cockroaches
  5 goblins
  13 hobgoblins
  14 jackals (D:6)
  2 quokkas
  6 frilled lizards
  A kobold (D:1)
  14 rats
220 creatures vanquished.

Vanquished Creatures (others)
  4 toadstools (D:1)
4 creatures vanquished.

Grand Total: 224 creatures vanquished

Notes
Turn   | Place    | Note
-------+----------+-------------------------------------------
     0 | D:1      | Caim the Octopode Venom Mage began the quest for the Orb.
     0 | D:1      | Reached XP level 1. HP: 11/11 MP: 3/3
   149 | D:1      | Reached XP level 2. HP: 15/18 MP: 3/5
   274 | D:1      | Reached skill level 1 in Fighting
   580 | D:1      | Learned a level 2 spell: Poisonous Vapours
   596 | D:1      | Reached skill level 3 in Stealth
   619 | D:1      | Reached XP level 3. HP: 16/23 MP: 2/6
  1363 | D:2      | Reached XP level 4. HP: 29/29 MP: 2/7
  1369 | D:2      | Learned a level 3 spell: Mephitic Cloud
  1692 | D:2      | Reached skill level 4 in Stealth
  1889 | D:2      | Noticed a moth of wrath
  1892 | D:2      | Found a bloodstained altar of Trog.
  2159 | D:2      | Reached XP level 5. HP: 34/34 MP: 8/8
  2238 | D:3      | Found a burning altar of Makhleb.
  2238 | D:3      | Noticed a green death
  2241 | D:3      | Noticed a neqoxec
  2241 | D:3      | Noticed a smoke demon
  2248 | D:3      | Noticed Grinder
  2509 | D:3      | Found a transporter.
  2539 | D:3      | Found a hazy altar of Hepliaklqana.
  2595 | D:3      | Found a transporter.
  2705 | D:3      | Reached skill level 1 in Short Blades
  2866 | D:3      | Reached XP level 6. HP: 40/40 MP: 0/9
  3408 | D:4      | Found a shadowy altar of Dithmenos.
  3860 | D:4      | Reached skill level 5 in Poison Magic
  3872 | D:4      | Learned a level 4 spell: Olgreb's Toxic Radiance
  3920 | D:4      | Noticed a phantom
  3955 | D:4      | Reached skill level 5 in Stealth
  3985 | D:4      | Reached XP level 7. HP: 17/45 MP: 11/11
  4652 | D:4      | Reached skill level 6 in Stealth
  4836 | D:4      | Found a staircase to the Ecumenical Temple.
  4847 | Temple   | Entered the Ecumenical Temple
  4938 | Temple   | Became a worshipper of Ashenzari the Shackled
  5106 | D:4      | Noticed Natasha
  5113 | D:4      | Killed Natasha
  5267 | D:4      | Noticed Natasha
  5272 | D:4      | Killed Natasha
  5345 | D:4      | Found a hide-covered altar of Uskayaw.
  5345 | D:4      | Found a shadowy altar of Dithmenos.
  5345 | D:4      | Found a shimmering blue altar of Sif Muna.
  5345 | D:4      | Found a glowing golden altar of the Shining One.
  5351 | D:4      | Found a snail-covered altar of Cheibriados.
  5351 | D:4      | Found a glowing silver altar of Zin.
  5390 | D:3      | Paralysed by Grinder for 6 turns
  5399 | D:3      | Killed Grinder
  5399 | D:3      | Reached XP level 8. HP: 26/52 MP: 12/12
  5703 | D:5      | Entered Level 5 of the Dungeon
  6161 | D:5      | Reached skill level 7 in Stealth
  6227 | D:5      | Paralysed by an orc for 3 turns
  7146 | D:6      | Found a runed translucent door.
  7147 | D:6      | Noticed Crazy Yiuf
  7154 | D:6      | Killed Crazy Yiuf
  7154 | D:6      | Reached skill level 8 in Stealth
  7698 | D:6      | Reached XP level 9. HP: 32/59 MP: 6/14
  8812 | D:6      | Noticed a freezing wraith
  9071 | D:7      | Found Maoro's Jewellery Emporium.
  9104 | D:7      | Reached skill level 5 in Fighting
  9114 | D:7      | Identified a scroll of acquirement
  9189 | D:7      | Reached skill level 1 in Shields
  9269 | D:7      | Noticed Dowan
  9271 | D:7      | Found a flagged portal.
  9272 | D:7      | Noticed Duvessa
  9279 | D:7      | Killed Dowan
  9292 | D:7      | Noticed Joseph
  9294 | D:7      | Slain by an orc

Levels and vault maps discovered:
D:1:      ldierk_walled_garden_2, layout_basic, minmay_close_crescents
D:2:      layout_basic, first_ration, tgw_trog
D:3:      gammafunk_wand_slinger, layout_basic, makhleb_altar_promises_db,
          old_standard_altar, uniq_grinder
D:4:      minmay_spotlight, layout_loops_corners, minmay_overflow_temple_hex,
          minmay_temple_entry_nine_rooms, grunt_dithmenos_shadows, uniq_natasha
D:5:      layout_basic, grunt_ministairs_5
D:6:      lemuel_castle_with_subvaults [lemuel_castle_interior_original],
          layout_loops_ring, uniq_crazy_yiuf_cottage
D:7:      layout_cave_pools, lemuel_crystal_altar, overflow_temple_1_default,
          serial_shops, shop, enter_bailey_6, kennysheep_small_spiral,
          uniq_joseph, uniq_duvessa
Temple:   nicolae_temple_x_marks_the_god

Skill      XL: |  1  2  3  4  5  6  7  8  9 |
---------------+----------------------------+-----
Fighting       | 1 2 3 4 5 |  5.1
Poison Magic   | 4 5 6 7 |  7.3
Stealth        | 3 4 5 6 8 |  8.3
Short Blades   | 1 2 3 4 |  4.2
Dodging        | 3 4 |  4.9
Spellcasting   | 3 4 |  4.3
Conjurations   | 2 3 |  3.2
Shields        | 1 |  1.1
Evocations     | |  0.2

Action                   |  1- 3 |  4- 6 |  7- 9 || total
-------------------------+-------+-------+-------++-------
Melee: Unarmed           |    65 |       |       ||    65
       Constrict         |    21 |    25 |    56 ||   102
       Tentacles         |    14 |    20 |    46 ||    80
       Short sword       |    15 |    78 |   190 ||   283
       Quarterstaff      |       |       |    16 ||    16
       Halberd           |       |       |     2 ||     2
Throw: Throwing net      |       |       |     2 ||     2
 Cast: Sting             |    27 |    31 |    55 ||   113
       Poisonous Vapours |     4 |    15 |     6 ||    25
       Mephitic Cloud    |       |     4 |    12 ||    16
       Olgreb's Toxic Ra |       |       |    15 ||    15
Evoke: Wand              |       |     1 |     3 ||     4
  Use: Scroll            |     3 |     6 |     8 ||    17
 Stab: Sleeping          |     5 |     3 |    13 ||    21
       Confused          |       |     2 |     3 ||     5
       Distracted        |       |       |     1 ||     1
  Eat: Chunk             |     2 |     7 |    17 ||    26
       Ration            |       |     1 |     1 ||     2
Armor: Skin              |     3 |     3 |     8 ||    14
Dodge: Dodged            |    59 |    46 |   175 ||   280
Block: Shield            |       |       |     1 ||     1
